 Dungeon Crawl Stone Soup version 0.20.0-15-g7f486f2 (webtiles) character file.

29 Chiseanne the Magician (level 3, 24/24 HPs)
             Began as a Demonspawn Wizard on June 15, 2017.
             Quit the game on level 1 of the Dungeon.
             The game lasted 00:01:25 (1277 turns).

Chiseanne the Magician (Demonspawn Wizard)          Turns: 1277, Time: 00:01:25

Health: 24/24      AC:  2    Str:  7    XL:     3   Next: 1%
Magic:  4/7        EV: 12    Int: 20    God:
Gold:   9          SH:  0    Dex: 11    Spells: 7/8 levels left

rFire    . . .     SeeInvis .   g - +0 short sword
rCold    . . .     Gourm    .   (no shield)
rNeg     . . .     Faith    .   a - +0 robe
rPois    .         Spirit   .   b - +0 hat
rElec    .         Reflect  .   (no cloak)
rCorr    .         Harm     .   (no gloves)
MR       .....                  (no boots)
Stlth    ++........             (no amulet)
Regen    1.1/turn               (no ring)
MPRegen  0.1/turn               (no ring)

@: no status effects
A: horns 1, powered by death 1
a: no special abilities


You were on level 1 of the Dungeon.
You were not hungry.

You visited 1 branch of the dungeon, and saw 1 of its levels.

You collected 9 gold pieces.

Inventory:

Hand Weapons
 g - a +0 short sword (weapon)
Missiles
 i - 20 stones (quivered)
 o - 15 bolts
Armour
 a - a +0 robe (worn)
 b - a +0 hat (worn)
Jewellery
 n - an uncursed ring of protection from cold {unknown}
Scrolls
 h - a scroll of teleportation {unknown}
 j - 2 scrolls of remove curse {unknown}
 k - a scroll of enchant armour {unknown}
Potions
 e - a potion of might {unknown}
Books
 c - a book of Minor Magic

   Spells                             Type                      Level
   a - Magic Dart                     Conjuration                  1
   b - Blink                          Translocation                2
   c - Call Imp                       Summoning                    2
   d - Slow                           Hexes                        2
   e - Conjure Flame                  Conjuration/Fire             3
   f - Mephitic Cloud                 Conjuration/Poison/Air       3
Comestibles
 d - a bread ration
 f - a royal jelly
 l - a chunk of flesh
 m - a meat ration


   Skills:
 - Level 1.7 Dodging
 - Level 1.7 Stealth
 * Level 3.2 Spellcasting
 * Level 2.5 Conjurations
   Level 1.0 Summonings
   Level 0.8 Translocations


You had 7 spell levels left.
You knew the following spells:

 Your Spells              Type           Power        Failure   Level  Hunger
a - Magic Dart            Conj           ##..         4%          1    None


Dungeon Overview and Level Annotations

Branches:
Dungeon (1/15)

Altars:


Innate Abilities, Weirdness & Mutations

You have a pair of small horns on your head.
You regenerate a little health from kills.


Message History

Casting: Magic Dart
Confirm with . or Enter, or press ? or * to list all spells.
Aiming: Magic Dart
Press: ? - help, Shift-Dir - straight line, f - hobgoblin
Aim: a hobgoblin The magic dart hits the hobgoblin.
The hobgoblin is heavily wounded.
Casting: Magic Dart
Confirm with . or Enter, or press ? or * to list all spells.
Aiming: Magic Dart
Press: ? - help, Shift-Dir - straight line, f/p - hobgoblin
Aim: a hobgoblin (heavily wounded)
The magic dart hits the hobgoblin.
You kill the hobgoblin!
You have reached level 3!
Your experience leads to an increase in your attributes!
Increase (S)trength, (I)ntelligence, or (D)exterity?
You feel clever.
Your demonic ancestry asserts itself...
A pair of horns grows on your head!
Are you sure you want to abandon this character and quit the game? (Confirm with "yes".)

##......#
#.#..............
######.##
#.#...P......P...
# #.#
#.#..............
# #.#
#.##....P..P...##
#.#
#.##..........##
######.#
#.###.......###
.......# #.#
###...###
########
########.# #####
#.. ...%...@.#
#.# ##########
#.# #.# #^#
#####.# ......#
#####.# ###


There were no monsters in sight!

Vanquished Creatures
  A dart slug (D:1)
  A giant cockroach (D:1)
  4 goblins (D:1)
  2 hobgoblins (D:1)
  4 jackals (D:1)
  5 kobolds (D:1)
  A ball python (D:1)
  4 bats (D:1)
  A frilled lizard (D:1)
  A rat (D:1)
24 creatures vanquished.

Notes
Turn   | Place    | Note
-------+----------+-------------------------------------------
     0 | D:1      | Chiseanne the Demonspawn Wizard began the quest for the Orb.
     0 | D:1      | Reached XP level 1. HP: 13/13 MP: 4/4
   395 | D:1      | Gained mutation: You regenerate a little health from kills. [demonic ancestry]
   395 | D:1      | Reached XP level 2. HP: 19/19 MP: 4/6
  1276 | D:1      | Gained mutation: You have a pair of small horns on your head. [demonic ancestry]
  1276 | D:1      | Reached XP level 3. HP: 24/24 MP: 4/7
  1277 | D:1      | Quit the game

Skill      XL: |  1  2 |
---------------+-------+-----
Conjurations   | 2 |  2.5
Dodging        | |  1.7
Stealth        | |  1.7
Spellcasting   | |  3.2
Summonings     | |  1.0
Translocations | |  0.8

Action                   || total
-------------------------++-------
Melee: Short sword       ||    45
 Cast: Magic Dart        ||    49
  Eat: Chunk             ||     1
Armor: Robe              ||     8
Dodge: Dodged            ||    38
